 Dungeon Crawl Stone Soup version 0.28-a0-1184-g53156a8862 (webtiles) character file.

Game seed: 4186634588240921210

13 mainiacjoe the Sneak (level 2, -1/17 HPs)
             Began as an Octopode Enchanter on Dec 17, 2021.
             Succumbed to an adder's poison
             ... on level 2 of the Dungeon.
             The game lasted 00:02:51 (1051 turns).

mainiacjoe the Sneak (Octopode Enchanter)           Turns: 1051, Time: 00:02:52

Health: -1/17      AC:  1    Str:  7    XL:     2   Next: 37%
Magic:  0/5        EV: 13    Int: 17    God:
Gold:   45         SH:  0    Dex: 12    Spells: 3/5 levels left

rFire   . . .      SeeInvis .   b - +0 short sword
rCold   . . .      Faith    .   (no shield)
rNeg    . . .      Spirit   .   (helmet restricted)
rPois   .          Reflect  .   (no amulet)
rElec   .          Harm     .   (no ring)
rCorr   .          Rampage  .   (no ring)
Will    .....                   (no ring)
Stlth   ++++......              (no ring)
HPRegen 0.05/turn               (no ring)
MPRegen 0.09/turn               (no ring)
                                (no ring)
                                (no ring)

@: lethally poisoned (-1 -> -9)
A: almost no armour, amphibious, 8 rings, camouflage 1, gelatinous body 1,
(nimble swimmer 1), tentacles
a: no special abilities


You were on level 2 of the Dungeon.
You visited 1 branch of the dungeon, and saw 2 of its levels.

You collected 45 gold pieces.

Inventory:

Hand Weapons
 a - a +1 dagger
 b - a +0 short sword (weapon)
Missiles
 d - 6 stones
 g - 17 poisoned darts (quivered)
 i - 12 bolts
Jewellery
 k - a ring of protection from fire
Scrolls
 e - a scroll of enchant weapon {unknown}
 f - a scroll of silence {unknown}
 h - a scroll of blinking {unknown}
 n - a scroll of immolation {unknown}
Potions
 c - 3 potions of brilliance {unknown}
 j - a potion of invisibility
 l - a potion of degeneration {unknown}
 m - a potion of attraction {unknown}
 o - a potion of resistance {unknown}


   Skills:
 + Level 1.5 Short Blades
 - Level 2.0 Dodging
 + Level 4.4 Stealth
 - Level 2.0 Spellcasting
 - Level 3.0 Hexes
 + Level 1.0 Ice Magic


You had 3 spell levels left.
You knew the following spells:

 Your Spells              Type           Power      Damage    Failure   Level
a - Ensorcelled Hibernat  Hex/Ice        16%        N/A       13%         2

Your spell library contained the following spells:

 Spells                   Type           Power      Damage    Failure   Level
 Confusing Touch          Hex            11%        N/A       17%         3
 Tukima's Dance           Hex            11%        N/A       17%         3
 Dazzling Flash           Conj/Hex       12%        N/A       30%         3


Dungeon Overview and Level Annotations

Branches:
Dungeon (2/15)

Altars:


Innate Abilities, Weirdness & Mutations

You cannot wear most types of armour.
You are amphibious.
You can wear up to eight rings at the same time.
Your skin changes colour to match your surroundings (Stealth+).
Your rubbery body absorbs attacks. (AC +1, EV +1)
((You are camouflaged near water. (Stealth+)))
You have tentacles for arms and can constrict up to eight enemies at once.


Message History

Aiming: Ensorcelled Hibernation (safe; 13% risk of failure)
Press: ? - help, Shift-Dir - straight line, f/p - adder
Aim: an adder (chance to affect: 49%)
The adder resists with some effort.
The adder misses you. The adder closely misses you.
Unknown command.
The adder closely misses you. The adder bites you. The adder barely misses you.
Casting: Ensorcelled Hibernation (safe; 13% risk of failure)
Confirm with . or Enter, or press ? or * to list all spells.
Aiming: Ensorcelled Hibernation (safe; 13% risk of failure)
Press: ? - help, Shift-Dir - straight line, f/p - adder
Aim: an adder (chance to affect: 49%)
You miscast Ensorcelled Hibernation.
You are very lightly contaminated with residual magic.
Nothing appears to happen.
The adder bites you. The adder bites you.
b - a +0 short sword (weapon)
You closely miss the adder. Your grab misses the adder.
Your squeeze misses the adder. The adder closely misses you.
The adder misses you.
You hit the adder. Your grab misses the adder.
The adder is moderately wounded.
The adder misses you.
You hit the adder. Your grab misses the adder.
The adder is heavily wounded.
The adder bites you.
* * * LOW HITPOINT WARNING * * *
You hit the adder but do no damage. You grab the adder.
The adder is heavily wounded.
You constrict the adder. The adder closely misses you. The adder bites you.
* * * LOW HITPOINT WARNING * * *
You are lethally poisoned!
The adder poisons you!
Your magical contamination has completely faded away.
You hit the adder but do no damage.
The adder is heavily wounded.
You constrict the adder.
You die...

.#.#...#..<...#..#
.#.#.#.#..#...#..#
.#.#.#<.......#..#
.#.#.#.########..#
.#.#.#...........#
#.#.###########.#
#.#.# #.# #.#.# #.#
#)#.# #@# #.#.# #S#
##.#.# #.### ...#.#
#...#
...#.#############.#
.............g.....#
)....###############
.g.### ####


You could see an adder.

Vanquished Creatures
  A worm (D:2)
  An endoplasm (D:1)
  A giant cockroach (D:1)
  4 kobolds
  A ball python (D:2)
  A frilled lizard (D:2)
  A goblin (D:1)
  A rat (D:1)
11 creatures vanquished.

Notes
Turn   | Place    | Note
-------+----------+-------------------------------------------
     0 | D:1      | mainiacjoe the Octopode Enchanter began the quest for the
                  | Orb.
     0 | D:1      | Reached XP level 1. HP: 11/11 MP: 3/3
   489 | D:1      | Found a faded altar of an unknown god.
   551 | D:1      | Reached XP level 2. HP: 13/17 MP: 5/5
   554 | D:1      | Learned a level 2 spell: Ensorcelled Hibernation
  1001 | D:2      | Reached skill level 1 in Ice Magic
  1051 | D:2      | Succumbed to an adder's poison

Illustrated notes

Levels and vault maps discovered:
D:1:      scummos_arrival_hexagon, layout_rooms,
          hellmonk_ecumenical_altar_zigzags, chequers_big_river
D:2:      layout_basic

Skill      XL: |  1  2 |
---------------+-------+-----
Ice Magic      | 1 |  1.0
Short Blades   | |  1.5
Dodging        | |  2.0
Stealth        | |  4.4
Spellcasting   | |  2.0
Hexes          | |  3.0

Action                   || total
-------------------------++-------
Melee: Dagger            ||    11
       Short sword       ||     9
       Tentacles         ||     2
       Constrict         ||     2
Throw: Dart              ||    13
       Stone             ||     1
 Cast: Ensorcelled Hiber ||     5
 Stab: Sleeping          ||     5
Dodge: Dodged            ||    13

Table legend: (Time is in decaauts)
 A = Elapsed time spent in this place.
 B = Non-inter-level travel time spent in this place.
 C = Inter-level travel time spent in this place.
 D = Time resting spent in this place.
 E = Time spent auto-exploring this place.
 F = Levels seen in this place.
 G = Mean time per level.
                   A        B        C        D        E       F      G
               +--------+--------+--------+--------+--------+-----+--------+
         Total |   1048 |   1039 |      9 |      0 |    843 |   2 |  524.0 |
       Dungeon |   1048 |   1039 |      9 |      0 |    843 |   2 |  524.0 |
               +--------+--------+--------+--------+--------+-----+--------+

Top non-repeatable levels by time:
     D:1: 732 daAuts
     D:2: 316 daAuts
